 Dungeon Crawl Stone Soup version 0.21-a0-142-gdd972a7 (webtiles) character file.

26 tilp the Firebug (level 3, 0/26 HPs)
             Began as a Hill Orc Fire Elementalist on July 22, 2017.
             Engulfed by a cloud of steam (13 damage)
             ... on level 2 of the Dungeon.
             The game lasted 00:02:24 (1297 turns).

tilp the Firebug (Hill Orc Fire Elementalist)       Turns: 1297, Time: 00:02:25

Health: 0/26       AC:  2    Str: 10    XL:     3   Next: 8%
Magic:  5/6        EV: 12    Int: 16    God:
Gold:   34         SH:  0    Dex: 11    Spells: 3/6 levels left

rFire    . . .     SeeInvis .   j - +0 dagger (elec)
rCold    . . .     Gourm    .   (no shield)
rNeg     . . .     Faith    .   a - +0 robe
rPois    .         Spirit   .   (no helmet)
rElec    .         Reflect  .   (no cloak)
rCorr    .         Harm     .   (no gloves)
MR       .....                  (no boots)
Stlth    +.........             (no amulet)
HPRegen  0.08/turn              (no ring)
MPRegen  0.10/turn              (no ring)

@: very slow
A: no striking features
a: no special abilities


You were on level 2 of the Dungeon.
You were not hungry.

You visited 1 branch of the dungeon, and saw 2 of its levels.

You collected 34 gold pieces.

Inventory:

Hand Weapons
 j - a +0 dagger of electrocution (weapon)
Armour
 a - a +0 robe (worn)
Scrolls
 d - a scroll of noise {unknown}
 e - a scroll of blinking {unknown}
 g - a scroll of immolation {unknown}
 h - a scroll of amnesia {unknown}
 m - a scroll of random uselessness {unknown}
Potions
 i - a potion of heal wounds {unknown}
 l - a potion of invisibility {unknown}
Books
 b - a book of Flames

   Spells                             Type                      Level
   a - Flame Tongue                   Conjuration/Fire             1
   b - Throw Flame                    Conjuration/Fire             2
   c - Conjure Flame                  Conjuration/Fire             3
   d - Inner Flame                    Hexes/Fire                   3
   e - Sticky Flame                   Conjuration/Fire             4
   f - Fireball                       Conjuration/Fire             5
Comestibles
 c - 2 bread rations
 f - 2 chunks of flesh


   Skills:
 - Level 1.5 Dodging
 - Level 1.5 Stealth
 - Level 2.0 Spellcasting
 * Level 2.2 Conjurations
 + Level 3.4 Fire Magic


You had 3 spell levels left.
You knew the following spells:

 Your Spells              Type           Power        Failure   Level  Hunger
a - Flame Tongue          Conj/Fire      ##...        6%          1    #......
b - Throw Flame           Conj/Fire      ##....       10%         2    ###....


Dungeon Overview and Level Annotations

Branches:
Dungeon (2/15)

Altars:
Xom


Message History

The bat closely misses you. The bat hits you. The bat barely misses you.
You barely miss the bat. The bat misses you. The bat closely misses you.
Casting: Flame Tongue
Confirm with . or Enter, or press ? or * to list all spells.
Aiming: Flame Tongue
Press: ? - help, Shift-Dir - straight line, f - bat
Aim: a bat The flame tongue misses the bat.
The bat is engulfed in a cloud of scalding steam.
You kill the bat!
You enter the shallow water.
Moving in this stuff is going to be slow.
You are engulfed in a cloud of scalding steam.
You see here a bat corpse.
You butcher the bat corpse.
You hear a splash.
You are engulfed in a cloud of scalding steam.
Ouch! That really hurt!
You die...

......##
.......# #.#
.......# ##.##
.....# ##__.##
...# ##.≈...##
#
#.###.♣_≈≈.≈#.#
#...#♣§.§≈.≈#.#
#.#....≈_.♣.^.#
#(####..@♣_.#
#<# #≈.^..≈.#
#.# ##.≈≈..##
#.# ##.^.## #.#
##^## ... ...#
#.. .#### ### #


There were no monsters in sight!

Vanquished Creatures
  A leopard gecko (D:1)
  5 bats
  3 giant cockroaches (D:1)
  2 goblins (D:1)
  4 hobgoblins (D:1)
  3 frilled lizards (D:1)
  4 kobolds (D:1)
  2 rats (D:1)
24 creatures vanquished.

Notes
Turn   | Place    | Note
-------+----------+-------------------------------------------
     0 | D:1      | tilp the Hill Orc Fire Elementalist began the quest for the Orb.
     0 | D:1      | Reached XP level 1. HP: 14/14 MP: 3/3
   291 | D:1      | Reached XP level 2. HP: 15/20 MP: 1/5
   908 | D:1      | Learned a level 2 spell: Throw Flame
  1127 | D:1      | Reached XP level 3. HP: 25/26 MP: 6/6
  1282 | D:2      | Found a shimmering altar of Xom.
  1283 | D:2      | Found a shimmering altar of Xom.
  1284 | D:2      | Found a shimmering altar of Xom.
  1285 | D:2      | Found a shimmering altar of Xom.
  1286 | D:2      | Found a shimmering altar of Xom.
  1297 | D:2      | Engulfed by a cloud of steam

Vault maps used:
D:1:      minmay_arrival_four_circles, minmay_misc_feat_hallway
D:2:      chequers_ecumenical_altar_simple, minmay_tree_intersection,
          xom_redecorated

Skill      XL: |  1  2 |
---------------+-------+-----
Spellcasting   | 2 |  2.0
Conjurations   | 2 |  2.2
Dodging        | |  1.5
Stealth        | |  1.5
Fire Magic     | |  3.4

Action                   || total
-------------------------++-------
Melee: Unarmed           ||    17
       Hand axe          ||     2
       Dagger            ||    42
 Cast: Flame Tongue      ||    11
 Stab: Sleeping          ||     1
  Eat: Royal jelly       ||     1
Armor: Robe              ||    16
Dodge: Dodged            ||    49
